Map: [ESL] Gresvan

Players

Reynor

  • Race: Zerg Zerg
  • Spawn Location: 5:00

Oliveira - Winner!

  • Race: Terran Terran
  • Spawn Location: 11:00

VOD

Have the link to the VOD?

Description

Time

  • Played on: Feb. 12, 2023, 8:49 a.m.
  • Length: 27:41
Show
View Real Time Build Order
Export as new Build Order

Reynor Zerg 

Build Orders: Hatch First 

Get SALT Encoding   

  12  0:00  Drone  
  13  0:11  Overlord  
  13  0:16  Drone  
  14  0:30  Drone x2  
  16  0:49  Hatchery  
  15  0:50  Drone  
  15  0:53  Drone  
  15  0:57  Drone  
  18  1:07  Extractor  
  17  1:12  Spawning Pool  
  17  1:15  Drone  
  17  1:18  Drone  
  18  1:27  Drone  
  19  1:38  Drone  
  20  1:48  Overlord  
  20  1:59  Queen  
  22  2:01  Queen  
  22  2:02  Zergling x4  
  26  2:10  Drone  
  26  2:12  Drone  
  28  2:21  Drone  
  29  2:23  Drone  
  30  2:31  Drone, Hatchery  
  30  2:34  Drone  
  31  2:38  Metabolic Boost  
  31  2:44  Drone  
  31  2:45  Overlord  
  32  2:52  Drone  
  32  2:55  Drone  
  32  2:56  Queen  
  36  3:04  Drone  
  37  3:08  Overlord  
  37  3:10  Drone x3  
  40  3:16  Drone  
  40  3:17  Queen  
  43  3:20  Overlord  
  43  3:27  Drone  
  43  3:31  Drone, Queen  
  47  3:38  Drone  
  47  3:39  Drone  
  49  3:43  Queen  
  49  3:44  Drone  
  52  3:49  Drone x2  
  52  3:54  Zergling x2  
  55  3:57  Queen  
  55  3:59  Drone  
  55  4:01  Roach Warren  
  55  4:02  Zergling x2  
  58  4:04  Overlord  
  58  4:06  Zergling x2  
  58  4:08  Drone x2  
  61  4:10  Drone  
  61  4:12  Queen  
  61  4:14  Drone  
  61  4:16  Overlord  
  65  4:18  Drone  
  66  4:25  Overlord  
  66  4:29  Drone  
  66  4:31  Drone x2  
  69  4:32  Drone x2, Spore Crawler  
  69  4:33  Drone  
  69  4:36  Drone  
  69  4:37  Spore Crawler  
  71  4:41  Spore Crawler  
  71  4:43  Roach x2  
  74  4:46  Roach x2  
  74  4:48  Drone x2  
  74  4:49  Drone  
  74  4:52  Overlord, Extractor  
  80  4:53  Drone  
  80  4:55  Drone  
  80  4:59  Overlord  
  82  5:01  Lair  
  82  5:06  Overlord  
  82  5:11  Drone  
  82  5:12  Drone x5  
  90  5:14  Drone x2  
  90  5:16  Overlord  
  90  5:17  Drone  
  90  5:19  Drone  
  90  5:21  Drone x3  
  93  5:22  Drone  
  93  5:24  Extractor  
  93  5:25  Overlord  
  93  5:28  Drone  
  96  5:29  Drone  
  96  5:34  Extractor  
  96  5:35  Drone, Evolution Chamber  
  97  5:38  Drone  
  97  5:39  Hatchery  
  97  5:42  Queen  
  98  5:43  Drone  
  98  5:45  Drone  
  98  5:47  Evolution Chamber  
  99  5:51  Drone x2  
  99  5:52  Spore Crawler  
  99  5:56  Overlord, Extractor  
  99  5:57  Extractor  
  99  6:00  Glial Reconstitution  
  99  6:01  Infestation Pit, Drone x3  
  100  6:06  Overlord, Zerg Ground Armor Level 1  
  100  6:12  Drone x7  
  100  6:15  Zerg Missile Weapons Level 1  
  107  6:19  Roach x2  
  107  6:23  Zergling x10  
  116  6:26  Roach  
  116  6:30  Overlord  
  116  6:31  Roach x3  
  124  6:37  Drone  
  124  6:38  Drone  
  127  6:40  Overlord, Drone x2  
  123  6:49  Hive  
  123  6:51  Drone x7  
  125  6:54  Drone  
  125  6:57  Drone x2  
  125  6:59  Baneling Nest  
  125  7:01  Drone  
  127  7:02  Drone x2  
  129  7:11  Drone x4  
  129  7:12  Drone  
  129  7:13  Drone x2  
  129  7:14  Drone  
  129  7:20  Roach  
  131  7:23  Roach  
  131  7:24  Roach  
  131  7:25  Roach  
  131  7:27  Extractor, Spore Crawler  
  136  7:30  Overlord  
  136  7:34  Roach, Zergling x6  
  141  7:37  Hatchery  
  141  7:39  Drone x2  
  141  7:44  Roach, Centrifugal Hooks  
  144  7:46  Overlord  
  144  7:47  Roach x4  
  144  7:48  Overlord  
  144  7:50  Ravager  
  152  7:53  Queen  
  152  7:56  Spore Crawler  
  153  7:58  Overlord  
  153  8:00  Viper x2  
  153  8:02  Overlord  
  153  8:05  Viper  
  159  8:10  Zerg Ground Armor Level 2  
  159  8:12  Zergling x14  
  169  8:14  Zergling x6  
  169  8:16  Zergling x2  
  169  8:17  Zerg Melee Weapons Level 1  
  169  8:18  Hatchery, Zergling x8  
  176  8:22  Zergling x4  
  176  8:26  Zergling x2  
  170  8:28  Zergling x2  
  171  8:35  Drone x4  
  171  8:36  Adrenal Glands  
  171  8:39  Drone  
  171  8:40  Drone x2  
  178  8:43  Zergling x2  
  178  8:48  Zergling x6  
  178  8:50  Zergling x12  
  178  8:52  Zergling x2  
  178  8:57  Zergling x2  
  180  9:02  Hatchery, Zergling x2  
  180  9:03  Hatchery, Zergling x10  
  180  9:05  Zergling x2  
  180  9:07  Hatchery  
  183  9:11  Zergling x8  
  183  9:16  Zergling x4  
  185  9:21  Zergling x8  
  185  9:22  Zergling x2  
  189  9:24  Hatchery  
  189  9:30  Zergling x12  
  194  9:32  Zergling x2  
  194  9:34  Overlord  
  194  9:35  Spine Crawler, Zergling x6  
  194  9:36  Ravager  
  198  9:50  Baneling x15  
  198  9:51  Baneling x10  
  173  10:01  Zergling x36  
  173  10:06  Zergling x12  
  190  10:11  Zergling x4  
  185  10:17  Zergling x12  
  185  10:19  Zergling x6  
  188  10:23  Zergling x2  
  188  10:25  Ultralisk Cavern  
  171  10:31  Zergling x18  
  171  10:33  Queen, Zergling x4  
  138  10:36  Roach x2  
  138  10:38  Roach  
  138  10:39  Roach x2, Queen  
  138  10:41  Baneling x22  
  148  10:43  Roach x5  
  148  10:45  Ravager x6  
  148  10:46  Roach x2  
  148  10:49  Roach x3, Zergling x4  
  168  10:52  Roach  
  168  10:53  Roach  
  168  10:56  Roach x2, Zergling x2  
  174  10:59  Zergling x4  
  174  11:00  Zergling x2  
  174  11:03  Zergling x6  
  175  11:08  Zergling x2  
  175  11:09  Zergling x4  
  175  11:10  Zergling x2  
  174  11:12  Zergling x2  
  174  11:15  Zergling x2  
  174  11:16  Zergling x4  
  168  11:21  Zergling x12  
  171  11:29  Drone x6  
  177  11:33  Drone  
  177  11:34  Drone x2  
  177  11:37  Drone x3  
  182  11:40  Zergling x2  
  182  11:45  Zergling x10  
  182  11:56  Drone x6  
  182  11:58  Drone x5  
  189  12:15  Hatchery  
  189  12:16  Hatchery, Zergling x16  
  189  12:21  Spore Crawler  
  194  12:35  Chitinous Plating  
  194  12:36  Spore Crawler  
  194  12:37  Zerg Melee Weapons Level 2, Zerg Ground Armor Level 3  
  193  12:42  Drone  
  193  12:43  Drone x5  
  198  12:52  Drone  
  198  13:00  Drone  
  199  13:10  Pneumatized Carapace  
  199  13:16  Hatchery  
  199  13:17  Drone  
  199  13:24  Hatchery  
  199  13:26  Zergling x6  
  189  13:43  Drone x2  
  189  13:45  Drone x7  
  189  13:47  Hatchery  
  197  13:58  Extractor  
  197  14:01  Zergling x24  
  200  14:25  Anabolic Synthesis  
  200  14:27  Baneling x11  
  200  14:51  Overlord x2  
  192  14:53  Zergling x16  
  196  15:02  Zergling x18  
  196  15:06  Zergling x42  
  196  15:07  Zergling x12  
  197  15:13  Zergling x24  
  190  15:16  Ultralisk x2, Zergling x12  
  190  15:17  Zergling x4  
  190  15:20  Zerg Melee Weapons Level 3  
  190  15:21  Zergling x6  
  188  15:23  Zergling x2  
  177  15:28  Ultralisk x2  
  177  15:29  Viper, Overseer  
  177  15:30  Viper  
  177  15:31  Baneling x20  
  177  15:32  Baneling x3, Zergling x8  
  199  15:38  Baneling x11  
  199  15:40  Extractor  
  198  15:43  Zergling x2  
  185  15:52  Zergling x8  
  185  15:53  Zergling x36  
  197  16:05  Zergling x6  
  198  16:17  Overseer x2  
  188  16:18  Zergling x18  
  188  16:19  Zergling x6  
  188  16:20  Burrow  
  188  16:25  Zergling x24  
  198  16:26  Zergling x4  
  198  16:28  Ultralisk, Zergling x6  
  198  16:32  Zergling x8  
  191  16:38  Ultralisk x2, Zergling x4  
  185  16:42  Zergling x18  
  185  16:44  Zergling x2  
  185  16:46  Zergling x4  
  191  16:49  Zergling x6  
  191  16:53  Zergling x10  
  191  16:54  Zergling x2  
  193  16:56  Zergling x4  
  193  16:57  Zergling x4  
  193  16:59  Zergling x2  
  198  17:03  Baneling x10  
  198  17:04  Baneling x14  
  198  17:10  Extractor, Hatchery  
  198  17:11  Zergling x6  
  198  17:15  Baneling x9  
  199  17:35  Overlord x3  
  199  17:36  Overseer x2  
  199  17:37  Overseer  
  153  17:45  Zergling x48  
  153  17:46  Zergling x12  
  153  17:48  Ultralisk  
  153  17:49  Zergling x8  
  153  17:50  Zergling x2  
  153  17:51  Zergling x2  
  176  17:55  Ultralisk  
  163  17:59  Zergling x12  
  163  18:00  Zergling x2  
  163  18:01  Zergling x2  
  163  18:02  Zergling x6  
  163  18:05  Zergling x2  
  176  18:07  Zergling x8  
  176  18:08  Zergling x4  
  176  18:09  Zergling x8  
  176  18:10  Zergling x4  
  176  18:11  Baneling  
  176  18:12  Baneling x14  
  187  18:14  Zergling x4  
  187  18:16  Zergling x6  
  187  18:17  Extractor, Queen  
  187  18:18  Zergling x12  
  199  18:33  Zergling x4  
  199  18:35  Baneling x17  
  199  18:41  Extractor  
  199  18:44  Extractor  
  181  18:51  Spire, Zergling x2  
  181  18:52  Zergling x38  
  200  19:01  Zergling x26  
  188  19:05  Zergling x2  
  188  19:09  Ultralisk x2, Zergling x8  
  185  19:11  Zergling x2  
  185  19:12  Zergling x2  
  185  19:14  Zergling x12  
  185  19:15  Zergling x6  
  185  19:16  Zergling x2  
  190  19:23  Zergling x6  
  190  19:24  Zergling x6  
  192  19:30  Zergling x18  
  197  19:43  Drone x2  
  199  19:45  Baneling x4  
  199  19:46  Baneling x9  
  187  20:07  Zergling x2  
  187  20:08  Zergling x32  
  187  20:09  Zergling x2  
  187  20:11  Zergling x28  
  187  20:13  Overlord  
  188  20:21  Zergling x18  
  188  20:22  Zergling x6  
  188  20:24  Zergling x4  
  192  20:29  Zergling x14  
  192  20:32  Zergling x4  
  183  20:37  Zergling x12  
  183  20:40  Ultralisk  
  183  20:41  Zergling x8  
  178  20:44  Ultralisk x2  
  178  20:45  Zergling x2  
  178  20:49  Zergling x2  
  190  20:52  Zergling x20  
  190  20:56  Baneling x27  
  198  20:58  Zergling x4  
  198  21:12  Zergling x4  
  198  21:18  Zergling x2  
  158  21:36  Zergling x38  
  158  21:37  Zergling x34  
  160  21:48  Ultralisk x2, Zergling x2  
  160  21:49  Zergling x20  
  183  21:56  Queen  
  183  21:58  Overlord  
  183  22:00  Infestor x2  
  190  22:01  Zergling x8  
  190  22:04  Baneling  
  190  22:05  Baneling x39  
  193  22:18  Overlord  
  193  22:19  Zergling x12  
  193  22:20  Extractor  
  198  22:27  Zergling x14  
  162  22:54  Zergling x30  
  162  22:55  Zergling x50  
  167  23:02  Greater Spire  
  162  23:08  Overseer  
  162  23:12  Ultralisk x2, Zergling x4  
  154  23:13  Queen, Zergling x18  
  154  23:16  Drone x3  
  154  23:17  Drone x6  
  169  23:23  Zergling x4  
  167  23:30  Corruptor x7  
  179  23:35  Overlord  
  179  23:42  Overlord  
  173  23:56  Drone x6  
  173  23:57  Extractor x2  
  165  24:17  Extractor  
  165  24:18  Extractor  
  165  24:19  Hatchery  
  165  24:22  Brood Lord  
  165  24:23  Brood Lord x3  
  168  24:33  Brood Lord  
  170  24:44  Brood Lord  
  172  24:46  Spore Crawler  
  152  25:04  Zergling x16  
  152  25:05  Zergling x52  
  149  25:15  Corruptor x2  
  153  25:22  Brood Lord  
  153  25:25  Drone x2  
  157  25:28  Corruptor  
  157  25:30  Corruptor  
  161  25:36  Hatchery  
  161  25:38  Infestor x2  
  155  25:54  Brood Lord x2  
  159  26:15  Brood Lord  
  161  26:21  Hatchery  
  154  26:29  Brood Lord  
  152  26:35  Drone x13  
  152  26:39  Infestor x2  
  161  26:48  Corruptor  
  152  27:05  Spore Crawler  
  152  27:06  Spore Crawler  
  153  27:11  Overseer x2  
  153  27:12  Overseer  
Show
View Real Time Build Order
Export as new Build Order

Oliveira Terran - Winner!

Build Orders: Liberator Opening, Reaper Expand 

Get SALT Encoding   

  12  0:00  SCV  
  13  0:12  SCV  
  14  0:17  Supply Depot  
  14  0:24  SCV  
  15  0:39  SCV  
  15  0:41  Barracks  
  16  0:44  Refinery  
  16  0:51  SCV  
  17  1:03  SCV  
  18  1:15  SCV  
  19  1:28  Orbital Command, Reaper  
  20  1:39  Command Center  
  20  1:53  Supply Depot  
  21  1:54  SCV  
  21  1:59  Marine  
  22  2:06  SCV  
  23  2:17  Factory  
  23  2:18  SCV  
  23  2:21  Barracks Reactor  
  24  2:30  SCV  
  25  2:40  Command Center  
  25  2:42  SCV  
  26  2:51  Orbital Command  
  26  2:54  SCV  
  27  3:02  Starport  
  27  3:06  SCV  
  27  3:08  Refinery  
  28  3:14  Hellion x2  
  28  3:18  SCV  
  28  3:19  SCV  
  34  3:22  Marine  
  35  3:30  SCV  
  35  3:31  SCV  
  37  3:35  Hellion  
  37  3:36  Hellion  
  37  3:40  Liberator  
  44  3:42  SCV  
  44  3:46  SCV  
  46  3:49  Barracks Tech Lab  
  46  3:53  Orbital Command  
  46  3:55  SCV  
  47  3:58  SCV  
  47  4:00  Hellion x2  
  52  4:05  Supply Depot  
  52  4:07  SCV  
  52  4:09  Stimpack  
  53  4:10  SCV  
  53  4:11  Marine  
  55  4:19  SCV x2  
  55  4:22  SCV  
  58  4:26  Barracks  
  58  4:29  Barracks  
  58  4:31  Factory Reactor, SCV  
  59  4:32  Starport Reactor  
  59  4:33  SCV  
  59  4:34  Marine  
  59  4:37  SCV  
  62  4:41  Supply Depot  
  62  4:43  SCV  
  62  4:45  SCV  
  64  4:49  Engineering Bay, SCV  
  64  4:51  Engineering Bay  
  65  4:54  Marine  
  65  4:55  SCV, Refinery  
  65  4:56  Refinery  
  65  4:58  SCV  
  68  5:01  SCV  
  68  5:03  Supply Depot  
  69  5:07  SCV  
  69  5:11  SCV  
  71  5:15  Marine x3  
  71  5:16  Barracks x2  
  71  5:17  Factory Tech Lab  
  71  5:18  Terran Infantry Weapons Level 1  
  71  5:19  Terran Infantry Armor Level 1  
  74  5:24  Marine  
  74  5:25  Marine, Supply Depot  
  76  5:31  Bunker  
  76  5:32  Marine  
  76  5:33  Marine  
  78  5:36  Siege Tank  
  78  5:38  SCV x2  
  78  5:40  Medivac  
  78  5:42  Orbital Command  
  85  5:47  Marine, Medivac  
  85  5:48  Supply Depot  
  85  5:49  Supply Depot  
  88  5:50  SCV x2  
  88  5:51  Marine  
  88  5:53  Marine  
  92  6:01  Marine  
  93  6:04  Barracks Tech Lab, Barracks Reactor  
  93  6:10  SCV x3  
  96  6:11  Siege Tank  
  96  6:12  Refinery x2, Supply Depot  
  96  6:15  Marine  
  96  6:16  Combat Shield  
  100  6:21  Marine  
  100  6:22  SCV x2  
  100  6:23  SCV  
  100  6:25  Armory  
  104  6:27  Marine x2  
  104  6:28  Factory  
  106  6:32  Marine x2  
  106  6:34  SCV  
  106  6:35  Supply Depot  
  106  6:37  Supply Depot  
  106  6:38  SCV  
  110  6:41  SCV  
  110  6:44  Marine  
  109  6:51  Marine x2, Marauder  
  109  6:52  Siege Tank  
  109  6:55  SCV  
  109  6:56  SCV  
  109  7:00  Marine x2  
  113  7:03  Command Center  
  113  7:05  SCV  
  113  7:08  Marine x2, Marauder  
  117  7:09  SCV  
  117  7:14  Marine x2  
  111  7:16  SCV  
  111  7:17  Factory Tech Lab, SCV  
  111  7:19  Marine  
  111  7:21  SCV  
  111  7:22  Terran Infantry Weapons Level 2, Terran Infantry Armor Level 2  
  114  7:25  Medivac  
  114  7:27  Medivac  
  114  7:28  Marine  
  119  7:31  Marine  
  119  7:34  Siege Tank  
  123  7:39  Supply Depot x2  
  123  7:42  Siege Tank, Marine  
  127  7:44  Marine x2  
  127  7:46  Terran Vehicle Weapons Level 1  
  127  7:47  Marine  
  127  7:48  Marine  
  131  7:54  Marauder  
  133  8:00  Marine x2, Supply Depot  
  133  8:01  Marauder  
  133  8:03  Marine x2  
  133  8:04  Medivac x2  
  133  8:05  Marine  
  141  8:06  Marine  
  141  8:10  Siege Tank  
  145  8:14  Marine  
  145  8:17  Siege Tank  
  145  8:18  Marine x2  
  151  8:22  Marauder  
  151  8:26  Marine x2, Supply Depot  
  146  8:28  Marine x2  
  146  8:33  Marauder, Supply Depot  
  148  8:36  Marine x2  
  148  8:37  Orbital Command  
  150  8:43  Marauder  
  150  8:44  Marine x2  
  150  8:46  Marine x2, Siege Tank  
  150  8:47  SCV  
  156  8:54  Marine x2, Marauder  
  156  8:55  Sensor Tower, SCV x2  
  159  8:59  Sensor Tower, SCV  
  159  9:01  Marine  
  159  9:02  Siege Tank  
  164  9:03  Marine x2  
  164  9:05  Marauder  
  168  9:11  Marine x2  
  168  9:15  Concussive Shells  
  168  9:16  Marauder  
  170  9:17  Marine  
  170  9:19  Liberator x2  
  170  9:20  Siege Tank  
  180  9:24  Marine x2  
  180  9:26  Marauder  
  180  9:29  Supply Depot x2  
  180  9:31  Marine  
  183  9:37  Marine x2, Marauder  
  188  9:50  Siege Tank  
  188  9:51  Marauder  
  186  10:00  Marine x2, Marauder  
  187  10:11  Siege Tank, Medivac x2  
  187  10:12  Marine x3, Marauder  
  186  10:16  Terran Infantry Weapons Level 3  
  186  10:17  Command Center  
  183  10:24  Marine, Barracks  
  183  10:25  Barracks, Marauder  
  183  10:27  Barracks  
  182  10:30  Marine  
  182  10:31  Marine  
  182  10:33  Siege Tank  
  182  10:34  Marine x2, Marauder  
  159  10:37  Marine  
  159  10:42  Marine  
  161  10:43  Terran Infantry Armor Level 3  
  161  10:44  Ghost Academy  
  161  10:46  Marauder  
  161  10:48  Marine x2  
  161  10:49  Siege Tank  
  166  10:53  Marine x2  
  166  10:55  Marauder  
  168  10:59  Marine  
  168  11:00  Marine  
  170  11:06  Marine  
  170  11:07  Marine  
  170  11:08  Marauder  
  167  11:16  Marauder, Barracks Tech Lab x2, Barracks Reactor  
  156  11:21  Siege Tank  
  156  11:22  Siege Tank  
  156  11:24  Marine x2  
  155  11:31  Marine, Ghost  
  155  11:32  Marine  
  149  11:33  SCV  
  149  11:34  SCV  
  149  11:37  Ghost  
  153  11:40  Marine  
  153  11:47  Marine x2, Marauder  
  149  11:54  Marine x3  
  149  11:55  Siege Tank, SCV x2  
  149  11:57  Marine, Ghost, Refinery  
  149  12:00  Siege Tank  
  157  12:03  Marine  
  157  12:04  Marine  
  157  12:06  Medivac x2  
  157  12:07  SCV x2  
  165  12:13  Missile Turret  
  165  12:14  Refinery  
  165  12:15  Planetary Fortress  
  165  12:19  Marine  
  165  12:20  Marine  
  167  12:23  Marine  
  167  12:28  Ghost  
  170  12:30  Personal Cloaking  
  170  12:32  Marine x2, Marauder  
  170  12:33  Command Center  
  170  12:35  Marine  
  175  12:43  Siege Tank  
  178  12:44  Factory  
  178  12:50  Refinery  
  175  12:52  Refinery  
  175  12:54  Siege Tank  
  175  12:57  Ghost  
  180  13:04  Drilling Claws  
  180  13:10  Ghost  
  180  13:12  Command Center, Missile Turret  
  182  13:14  Missile Turret  
  182  13:18  Siege Tank  
  183  13:30  Factory Reactor  
  181  13:37  Sensor Tower  
  181  13:39  Ghost  
  181  13:40  Marine x3  
  181  13:41  Ghost x2  
  185  13:42  Siege Tank  
  192  13:51  Ghost  
  192  13:55  Command Center, Missile Turret  
  194  14:01  Command Center  
  182  14:03  Siege Tank  
  182  14:08  Ghost  
  182  14:09  Ghost  
  187  14:10  Widow Mine x2  
  187  14:11  Ghost  
  195  14:17  Missile Turret  
  195  14:21  Missile Turret  
  195  14:22  Missile Turret  
  195  14:23  Missile Turret  
  195  14:24  Terran Vehicle Weapons Level 2  
  195  14:26  Missile Turret  
  195  14:28  Planetary Fortress  
  195  14:32  Orbital Command  
  195  14:37  Siege Tank  
  198  14:41  Sensor Tower  
  191  15:00  Siege Tank  
  191  15:03  Barracks  
  191  15:06  Barracks, Widow Mine x2  
  183  15:08  Ghost x2  
  183  15:12  Siege Tank  
  177  15:14  Marine x2  
  171  15:22  Missile Turret x2  
  171  15:24  Missile Turret  
  171  15:25  Missile Turret  
  171  15:28  Medivac x2  
  173  15:29  Widow Mine x2  
  173  15:30  SCV x2  
  173  15:31  SCV  
  182  15:36  Ghost  
  182  15:37  SCV  
  182  15:40  Siege Tank  
  188  15:48  Infernal Pre-Igniter  
  185  15:51  Siege Tank  
  185  15:52  Widow Mine x2  
  189  16:02  Command Center  
  189  16:03  Sensor Tower  
  189  16:06  Medivac x2  
  193  16:13  Orbital Command  
  193  16:17  Neosteel Armor, Hi-Sec Auto Tracking  
  181  16:18  Siege Tank  
  163  16:35  Ghost x2  
  153  16:40  Siege Tank  
  153  16:43  Barracks Tech Lab, Barracks Reactor  
  153  16:44  Barracks Tech Lab  
  153  16:45  Terran Vehicle Weapons Level 3  
  155  16:49  Widow Mine x2  
  155  16:54  Siege Tank  
  160  16:55  SCV  
  160  16:56  SCV x2  
  160  16:58  Missile Turret  
  160  17:00  Liberator x2  
  169  17:02  Orbital Command  
  169  17:03  SCV, Missile Turret  
  169  17:04  SCV, Missile Turret  
  169  17:05  Missile Turret  
  169  17:06  Refinery x2  
  171  17:14  Siege Tank  
  171  17:15  Hellion x2  
  178  17:16  SCV  
  178  17:17  SCV  
  180  17:29  Siege Tank, Sensor Tower  
  182  17:30  Ghost  
  183  17:38  Missile Turret  
  183  17:40  Missile Turret  
  177  17:49  Siege Tank  
  177  17:50  Marauder, Widow Mine x2  
  161  17:55  SCV x2  
  158  18:03  Siege Tank  
  158  18:04  SCV x2  
  162  18:07  SCV  
  163  18:14  Hellion x2  
  163  18:17  Missile Turret  
  163  18:19  SCV x2  
  169  18:20  Missile Turret  
  169  18:25  Siege Tank  
  172  18:29  Marauder x3  
  172  18:30  Ghost  
  180  18:38  Sensor Tower  
  180  18:39  Siege Tank, Smart Servos  
  183  18:42  Hellion  
  183  18:48  Hellion  
  172  18:49  SCV  
  172  18:52  Liberator, Missile Turret  
  172  18:55  SCV  
  153  19:11  Ghost  
  153  19:12  Ghost x2  
  153  19:13  Siege Tank x2  
  155  19:17  Hellion x2  
  159  19:26  Liberator  
  161  19:39  Hellion  
  161  19:43  Planetary Fortress  
  165  19:45  Hellion  
  165  19:49  Siege Tank  
  165  19:50  Siege Tank  
  171  19:54  Terran Vehicle And Ship Armor Level 1  
  171  19:58  Marauder x2  
  157  20:11  Hellion x2  
  142  20:15  Marauder x2  
  142  20:16  SCV  
  142  20:19  Marauder  
  146  20:21  SCV  
  146  20:22  Hellion  
  149  20:31  SCV  
  149  20:36  Factory Reactor  
  149  20:37  Orbital Command x2  
  149  20:39  Hellion x2  
  148  20:43  Liberator x2  
  148  20:45  SCV x2  
  148  20:46  SCV  
  156  20:50  SCV  
  156  20:51  Siege Tank, SCV x2  
  156  20:55  Marauder  
  164  20:57  SCV  
  164  21:01  Marine, SCV, Hellion  
  164  21:03  Marauder x2  
  173  21:04  SCV x2  
  173  21:05  SCV  
  176  21:17  SCV  
  177  21:21  Hellion x2  
  177  21:22  Orbital Command, SCV x2, Hellion  
  185  21:26  Liberator x2  
  159  21:35  Siege Tank, Hellion  
  159  21:36  Marauder x2  
  159  21:39  Ghost  
  153  21:45  SCV  
  156  21:47  SCV  
  156  21:49  Hellion x2  
  156  21:50  Hellion  
  163  21:55  SCV  
  163  21:56  SCV  
  163  21:57  SCV x2  
  167  22:03  Terran Vehicle And Ship Armor Level 2  
  164  22:11  SCV  
  164  22:12  Siege Tank  
  164  22:13  Hellion x2  
  164  22:15  SCV, Marauder  
  175  22:16  SCV, Missile Turret, Hellion x2  
  176  22:28  SCV  
  177  22:31  Ghost  
  177  22:33  Hellion  
  177  22:35  Marine x2  
  183  22:39  Hellion  
  183  22:40  Ghost  
  189  22:44  Hellion  
  158  22:59  Siege Tank  
  158  23:00  Marauder, Hellion x2  
  164  23:11  Marine x2  
  166  23:13  Hellion x2  
  166  23:16  SCV x2  
  166  23:17  SCV  
  173  23:21  Marine  
  173  23:24  Liberator x2, Hellion x2  
  180  23:32  Engineering Bay  
  180  23:34  Siege Tank, Engineering Bay  
  180  23:36  Hellion x3  
  180  23:40  Hellion x2  
  187  23:44  Supply Depot  
  187  23:48  Hellion  
  189  23:55  Hellion  
  191  24:09  Thor  
  194  24:13  Ghost x2  
  198  24:26  Sensor Tower  
  198  24:29  Missile Turret  
  198  24:30  Missile Turret  
  192  24:39  Factory Tech Lab  
  192  24:42  Refinery  
  192  24:43  Refinery  
  192  24:54  Thor  
  182  25:01  Thor  
  186  25:10  Hellion x2  
  190  25:14  Liberator x2  
  190  25:20  Starport, Fusion Core  
  196  25:25  Nuke  
  193  25:28  Barracks Tech Lab  
  193  25:45  Thor  
  194  26:10  Thor  
  200  26:18  Advanced Ballistics  
  200  26:19  Starport Reactor  
  200  26:25  Hellion x2  
Tags
 
Add a new tag
Caveats
  • Supply blocks, unpowered buildings, or Contaminate may cause inaccurate times.
  • Supply counts are checked every 10 seconds.